 Dungeon Crawl Stone Soup version 0.19.1-1-g22dce08 (webtiles) character file.

508 ponk the Slasher (level 6, -1/48 HPs)
             Began as a Demonspawn Fighter on Jan 9, 2017.
             Slain by a wraith (6 damage)
             ... in an ossuary.
             The game lasted 00:13:39 (4083 turns).

ponk the Slasher (Demonspawn Fighter)               Turns: 4083, Time: 00:13:40

Health: -1/48      AC: 21    Str: 22    XL:     6   Next: 98%
Magic:  6/6        EV: 11    Int:  9    God:
Gold:   156        SH: 10    Dex: 19    Spells: 0 memorised, 5 levels left

rFire  . . .     SeeInvis .     a - +0 long sword
rCold  + . .     Gourm    .     n - +0 chain mail
rNeg   . . .     Faith    .     c - +0 shield
rPois  .         Spirit   .     (no helmet)
rElec  .         Reflect  .     b - +0 cloak
rCorr  .         Harm     .     w - +0 pair of gloves
MR     .....                    x - +0 pair of boots
Stlth  ..........               t - amulet of rage
                                (no ring)
                                l - +3 ring of protection

@: mighty, agile, sanguine armour, slowed, drained, very slow
A: hooves 1, cold resistance 1, powered by pain 1, sanguine armour 1
a: Evoke Berserk Rage


You were in an ossuary.
You were not hungry.

You visited 1 branch of the dungeon, and saw 4 of its levels.
You also visited: Ossuary.

You collected 156 gold pieces.

Inventory:

Hand Weapons
 a - a +0 long sword (weapon)
 v - a +4 mace
 y - a +0 falchion
Armour
 b - a +0 cloak (worn)
 c - a +0 shield (worn)
 n - a +0 chain mail (worn)
 w - a +0 pair of gloves (worn)
 x - a +0 pair of boots (worn)
Jewellery
 l - a +3 ring of protection (left hand)
 t - an amulet of rage (around neck)
Scrolls
 h - 2 scrolls of enchant armour
 i - a scroll of magic mapping
 o - a scroll of teleportation {unknown}
 p - a scroll of remove curse
 s - a scroll of recharging {unknown}
 u - a scroll of fog {unknown}
Potions
 d - 2 potions of might
 e - a potion of agility
 k - a potion of mutation {unknown}
 m - a potion of cure mutation {unknown}
 q - a potion of flight {unknown}
 z - a potion of curing {unknown}
 B - a potion of brilliance {unknown}
 C - a potion of degeneration {unknown}
Comestibles
 f - 3 bread rations
 g - a meat ration
 j - 2 royal jellies
 r - 3 beef jerkies


   Skills:
 + Level 3.8(3.7) Fighting
 + Level 4.2(4.1) Long Blades
 + Level 4.0(3.9) Armour
 + Level 1.2(1.1) Dodging
 + Level 0.6(0.5) Stealth
 + Level 4.2 Shields
 + Level 0.6(0.5) Evocations


You had 5 spell levels left.
You didn't know any spells.

Dungeon Overview and Level Annotations

Branches:
Dungeon (4/15)
 Temple: D:4-7

Altars:
Elyvilon
Fedhas
Trog
Vehumet


Innate Abilities, Weirdness & Mutations

You have large cloven feet.
Your flesh is cold resistant. (rC+)
You sometimes gain a little power by taking damage.
When seriously injured, your bleeding wounds create armour. (AC +6)


Message History

You closely miss the wraith.
The wraith is almost destroyed.
The wraith hits you but does no damage. You block the wraith's attack.
You barely miss the wraith.
The wraith is almost destroyed.
You block the wraith's attack. The wraith hits you but does no damage.
You closely miss the wraith.
The wraith is almost destroyed.
The wraith barely misses you.
You riposte.
You barely miss the wraith.
The wraith is almost destroyed.
The wraith hits you.
* * * LOW HITPOINT WARNING * * *
The wraith drains your vigour!
You feel as though you will be slow longer.
Your shield and chain mail prevent you from hitting the wraith.
The wraith is almost destroyed.
The wraith hits you but does no damage. x2
You feel very mighty all of a sudden. The wraith hits you.
You die...

######### #........ #@W#
#.#.# # ######## ###
#.###..## ##.....# #z#
#........
##.8.8.#####▓###.###..??
.'.......'.....'.# ?/
##.8.8.#####▓###.#
##.....# #W# #...
######## ### #.###


You could see a wraith.

Vanquished Creatures
  Grinder (D:3)
  A wight (Ossuary)
  A bullfrog skeleton (D:4)
  Jessica (D:3)
  An orc wizard (D:3)
  A worker ant (D:4)
  9 adders
  A worm (D:2)
  A dart slug (D:2)
  4 leopard geckos
  3 orcs (D:3)
  3 giant cockroaches (D:1)
  7 goblins
  15 hobgoblins
  6 jackals
  2 quokkas (D:3)
  2 ball python skeletons (Ossuary)
  5 bats
  3 frilled lizards
  A hobgoblin skeleton (Ossuary)
  4 kobolds
  2 kobold zombies (Ossuary)
  3 orc zombies (Ossuary)
  A quokka zombie (D:3)
  10 rats
88 creatures vanquished.

Vanquished Creatures (others)
  An adder (D:2)
  An orc (D:2)
  A kobold (D:2)
3 creatures vanquished.

Grand Total: 91 creatures vanquished

Notes
Turn   | Place    | Note
-------+----------+-------------------------------------------
     0 | D:1      | ponk the Demonspawn Fighter began the quest for the Orb.
     0 | D:1      | Reached XP level 1. HP: 18/18 MP: 1/1
   166 | D:1      | Gained mutation: Your flesh is cold resistant. (rC+) [demonic ancestry]
   166 | D:1      | Reached XP level 2. HP: 20/24 MP: 2/2
   593 | D:1      | Gained mutation: You have large cloven feet. [demonic ancestry]
   593 | D:1      | Reached XP level 3. HP: 29/29 MP: 3/3
  1201 | D:2      | Found a white marble altar of Elyvilon.
  1341 | D:2      | Found a radiant altar of Vehumet.
  1466 | D:2      | Reached XP level 4. HP: 35/35 MP: 4/4
  2410 | D:3      | Found a blossoming altar of Fedhas.
  2551 | D:3      | Gained mutation: When seriously injured, your bleeding wounds create armour. (AC +6) [demonic ancestry]
  2551 | D:3      | Reached XP level 5. HP: 11/41 MP: 5/5
  3094 | D:3      | Noticed Grinder
  3111 | D:3      | Paralysed by Grinder for 7 turns
  3120 | D:3      | Killed Grinder
  3120 | D:3      | Reached skill level 1 in Dodging
  3120 | D:3      | Gained mutation: You sometimes gain a little power by taking damage. [demonic ancestry]
  3120 | D:3      | Reached XP level 6. HP: 12/47 MP: 6/6
  3452 | D:3      | Noticed Jessica
  3470 | D:3      | Killed Jessica
  3484 | D:3      | Found a bloodstained altar of Trog.
  3850 | D:4      | Found a sand-covered staircase.
  3931 | Ossuary  | Entered an ossuary
  4041 | Ossuary  | Noticed a flying skull
  4041 | Ossuary  | Noticed a wraith
  4053 | Ossuary  | Noticed a wraith
  4083 | Ossuary  | Slain by a wraith

Skill      XL: |  1  2  3  4  5  6 |
---------------+-------------------+-----
Shields        | 3 4 |  4.2
Long Blades    | 2 3 4 |  4.2
Armour         | 3 4 |  4.0
Dodging        | 1 |  1.2
Fighting       | |  3.8
Stealth        | |  0.6
Evocations     | |  0.6

Action                   |  1- 3 |  4- 6 || total
-------------------------+-------+-------++-------
Melee: Long sword        |   143 |   257 ||   400
       Kick              |    17 |    60 ||    77
 Abil: Evoke Berserk Rag |       |     2 ||     2
  Use: Scroll            |     1 |     5 ||     6
       Potion            |       |     2 ||     2
  Eat: Chunk             |     1 |     7 ||     8
       Bread ration      |       |     1 ||     1
Armor: Scale mail        |    46 |       ||    46
       Chain mail        |    30 |   165 ||   195
Dodge: Dodged            |    34 |    42 ||    76
Block: Shield            |    66 |   137 ||   203
       Rpst.: Long sword |    12 |    12 ||    24
